 Dungeon Crawl Stone Soup version 0.26-a0-639-g72c4674329 (webtiles) character file.

Game seed: 9637380533260318381

826 Ijustatesigmund the Slinger (level 8, -5/53 HPs)
             Began as a Halfling Hunter on Sept 18, 2020.
             Slain by an ice beast (6 damage)
             ... on level 8 of the Dungeon.
             The game lasted 00:13:19 (4077 turns).

Ijustatesigmund the Slinger (Halfling Hunter)       Turns: 4077, Time: 00:13:20

Health: -5/53      AC: 10    Str: 13    XL:     8   Next: 17%
Magic:  8/8        EV: 20    Int:  9    God:
Gold:   217        SH: 10    Dex: 17    Spells: 7/7 levels left

rFire    . . .     SeeInvis .   b - +0 short sword
rCold    . . .     Faith    .   o - +1 kite shield
rNeg     . . .     Spirit   .   c - +3 ring mail
rPois    .         Reflect  .   (no helmet)
rElec    .         Harm     .   (no cloak)
rCorr    .         Rampage  .   e - +1 pair of gloves
MR       .....                  (no boots)
Stlth    ++........             (no amulet)
HPRegen  0.17/turn              m - +4 ring of evasion
MPRegen  0.11/turn              l - +4 ring of evasion

@: mighty, lethally poisoned (-5 -> -6)
A: small, mutation resistance 1
a: no special abilities


You were on level 8 of the Dungeon.
You visited 1 branch of the dungeon, and saw 6 of its levels.
You also visited: Sewer.

You collected 217 gold pieces.

Inventory:

Hand Weapons
 a - a +1 hunting sling
 b - a +0 short sword (weapon)
Missiles
 q - 43 stones (quivered)
Armour
 c - a +3 ring mail (worn)
 e - a +1 pair of gloves (worn)
 o - a +1 kite shield (worn)
Jewellery
 h - a +6 ring of strength
 l - a +4 ring of evasion (right hand)
 m - a +4 ring of evasion (left hand)
Potions
 f - a potion of flight
 i - 3 potions of brilliance
 n - a potion of stabbing


   Skills:
 - Level 3.6 Fighting
 - Level 2.1 Short Blades
 + Level 8.8 Slings
 + Level 3.2 Armour
 + Level 4.1 Dodging
 - Level 2.5 Stealth
 + Level 3.1 Shields


You had 7 spell levels left.
You didn't know any spells.
Your spell library was empty.

Dungeon Overview and Level Annotations

Branches:
Dungeon (5/15)              Sewer (visited)
 Temple: D:4-7

Altars:
Okawaru
Qazlal
Ru
Trog

Shops:
D:4 [


Innate Abilities, Weirdness & Mutations

You are small and have problems with some larger weapons.
You are somewhat resistant to further mutation.


Message History

* * * LOW HITPOINT WARNING * * *
You feel sick.
* * * LOW HITPOINT WARNING * * *
You feel sick.
Found a stone staircase leading down.
An ice beast comes into view.
A hound comes into view.
* * * LOW HITPOINT WARNING * * *
You feel sick. The bullfrog skeleton misses you.
b - a +0 short sword (weapon)
You hit the ice beast.
The ice beast is lightly wounded.
* * * LOW HITPOINT WARNING * * *
You feel sick.
You block the bullfrog skeleton's attack.
The ice beast hits you.
* * * LOW HITPOINT WARNING * * *
The ice beast freezes you.
You die...

#.# #.# ##.# ..# ##. ...
..## ## .## #.# ..(## ..
....###h# ###...#o#
.......###...... #
#....o..##.##.#...
.#..#####h.o.o..........
....>hY@Zo######(##.#..
......##### #(# .....
#.# .... #(# ##.
##(###.# # ###.(....#
#...(##### ####.##.#
#####....##†#


You could see an orc warrior, an ice beast, a howler monkey, a hound, 3 orcs and
a bullfrog skeleton.

Vanquished Creatures
  An ogre (D:2)
  8 killer bees (D:8)
  2 orc priests
  2 worker ants
  An iguana (D:8)
  9 adders
  6 river rats
  An ooze (D:3)
  4 worms
  3 dart slugs
  2 leopard geckos
  6 orcs
  11 bats
  4 giant cockroaches
  8 goblins
  4 hobgoblins
  12 jackals
  2 quokkas (D:4)
  5 ball pythons
  15 frilled lizards
  4 kobolds
  A leopard gecko skeleton (D:4)
  15 rats
126 creatures vanquished.

Notes
Turn   | Place    | Note
-------+----------+-------------------------------------------
     0 | D:1      | Ijustatesigmund the Halfling Hunter began the quest for the
                  | Orb.
     0 | D:1      | Reached XP level 1. HP: 14/14 MP: 1/1
   167 | D:1      | Reached skill level 6 in Slings
   263 | D:1      | Reached XP level 2. HP: 19/19 MP: 2/2
   462 | D:1      | Reached skill level 1 in Short Blades
   715 | D:2      | Reached XP level 3. HP: 24/24 MP: 3/3
   781 | D:2      | Found an iron altar of Okawaru.
  1018 | D:2      | Noticed an ogre
  1022 | D:2      | Killed an ogre
  1022 | D:2      | Reached skill level 7 in Slings
  1022 | D:2      | Reached XP level 4. HP: 30/31 MP: 4/4
  1022 | D:2      | Reached XP level 5. HP: 35/36 MP: 5/5
  1276 | D:2      | Found a bloodstained altar of Trog.
  1649 | D:3      | Found a stormy altar of Qazlal.
  1651 | D:3      | Noticed an air elemental
  1656 | D:3      | Noticed a water elemental
  1656 | D:3      | Noticed a fire elemental
  1753 | D:3      | Found a sacrificial altar of Ru.
  1783 | D:3      | Reached XP level 6. HP: 42/42 MP: 6/6
  1887 | D:3      | Found a faded altar of an unknown god.
  2008 | D:3      | Reached skill level 1 in Armour
  2011 | D:3      | Reached skill level 1 in Shields
  2081 | D:3      | Found a glowing drain.
  2090 | Sewer    | Entered a sewer
  2784 | D:2      | Reached XP level 7. HP: 35/46 MP: 7/7
  3386 | D:4      | Reached skill level 8 in Slings
  3551 | D:4      | Found Egutat's Antique Armour Shoppe.
  3808 | D:5      | Entered Level 5 of the Dungeon
  3842 | D:5      | You fall into a shaft and drop 3 floors!
  3842 | D:8      | Noticed a two-headed ogre
  4045 | D:8      | Reached XP level 8. HP: 40/53 MP: 8/8
  4077 | D:8      | HP: 2/53 [poisoned by a killer bee]
  4077 | D:8      | Slain by an ice beast

Illustrated notes

Levels and vault maps discovered:
D:1:      dpeg_arrival_chambers_temple_mockup, layout_rooms
D:2:      layout_basic, lightli_temple_of_fire, serial_bayou_pond_c,
          okawaru_gym_becter
D:3:      layout_loops_ring, nicolae_ru_awakened_eye,
          nicolae_qazlal_style_of_elements, lightli_sewer_entry_pipes,
          chequers_ecumenical_altar_simple, corner_web_ring
D:4:      layout_cave_pools, serial_shops, shop
D:5:      layout_basic, nicolae_overflow_hidden_temple,
          minmay_temple_entry_overgrown
D:8:      layout_rooms

Skill      XL: |  1  2  3  4  5  6  7  8 |
---------------+-------------------------+-----
Slings         | 6 7 8 |  8.8
Fighting       | 2 3 |  3.6
Short Blades   | 1 2 |  2.1
Armour         | 1 2 3 |  3.2
Shields        | 1 2 3 |  3.1
Stealth        | 2 |  2.5
Dodging        | 3 4 |  4.1

Action                   |  1- 3 |  4- 6 |  7- 9 || total
-------------------------+-------+-------+-------++-------
Melee: Short sword       |       |       |     1 ||     1
 Fire: Hunting sling     |    72 |   281 |   113 ||   466
Evoke: Wand              |       |       |     8 ||     8
  Use: Scroll            |     4 |     8 |     5 ||    17
       Potion            |       |     1 |     5 ||     6
Armor: Scale mail        |     6 |     1 |       ||     7
       Ring mail         |       |    22 |    12 ||    34
Dodge: Dodged            |    20 |    75 |    65 ||   160
Block: Kite shield       |       |    41 |    42 ||    83

Table legend: (Time is in decaauts)
 A = Elapsed time spent in this place.
 B = Non-inter-level travel time spent in this place.
 C = Inter-level travel time spent in this place.
 D = Time resting spent in this place.
 E = Time spent auto-exploring this place.
 F = Levels seen in this place.
 G = Mean time per level.
                   A        B        C        D        E       F      G
               +--------+--------+--------+--------+--------+-----+--------+
         Total |   4105 |   3985 |    120 |    422 |   2613 |   7 |  586.4 |
       Dungeon |   3839 |   3719 |    120 |    402 |   2482 |   6 |  639.8 |
         Sewer |    265 |    265 |      0 |     20 |    130 |   1 |  265.0 |
               +--------+--------+--------+--------+--------+-----+--------+

Top non-repeatable levels by time:
     D:3: 1300 daAuts
     D:2: 1101 daAuts
     D:1: 675 daAuts
     D:4: 497 daAuts
   Sewer: 265 daAuts
     D:8: 230 daAuts
     D:5: 33 daAuts
